Map: Dusk Towers

Players

路人

  • Race: Zerg Zerg
  • League: Diamond

ILLBdA - Winner!

  • Race: Protoss Protoss
  • League: Diamond

VOD

Have the link to the VOD?

Description

Time

  • Played on: Dec. 24, 2015, 7:53 a.m.
  • Length: 6:11
Show
View Real Time Build Order
Export as new Build Order

路人 Zerg 

Build Orders: Pool First 

Get SALT Encoding   

  12  0:01  Drone  
  13  0:09  Drone  
  14  0:17  Overlord  
  15  0:35  Drone  
  15  0:36  Drone x2  
  17  0:45  Spawning Pool  
  17  0:48  Drone  
  17  0:57  Drone  
  18  1:08  Drone  
  19  1:17  Hatchery  
  18  1:32  Zergling x2  
  19  1:39  Hatchery  
  18  1:46  Queen  
  20  1:53  Extractor  
  19  1:55  Overlord  
  19  2:00  Drone  
  20  2:06  Drone  
  21  2:13  Drone  
  22  2:22  Queen  
  24  2:28  Drone  
  24  2:29  Queen  
  27  2:35  Drone  
  27  2:49  Spine Crawler  
  27  2:50  Spine Crawler  
  25  2:56  Queen  
  27  3:06  Queen  
  27  3:09  Drone  
  30  3:13  Drone  
  30  3:18  Drone  
  32  3:22  Metabolic Boost  
  32  3:28  Drone  
  32  3:34  Pneumatized Carapace  
  33  3:39  Queen  
  35  3:47  Overlord  
  35  3:50  Drone  
  36  3:55  Evolution Chamber  
  36  3:56  Drone  
  36  3:59  Drone  
  37  4:05  Queen  
  39  4:20  Zergling x12  
  45  4:29  Overlord  
  45  4:39  Zergling x6  
  45  4:40  Zergling x2  
  49  4:52  Zergling x8  
  53  4:53  Zergling x4  
  53  5:08  Zergling x8  
  56  5:28  Extractor  
  56  5:30  Spore Crawler  
Show
View Real Time Build Order
Export as new Build Order

ILLBdA Protoss - Winner!

Build Orders: 1 Gate Expand, Dark Templar Rush 

Get SALT Encoding   

  12  0:01  Probe (Chrono Boost)  
  13  0:11  Probe (Chrono Boost)  
  14  0:18  Pylon  
  14  0:22  Probe (Chrono Boost)  
  15  0:36  Probe (Chrono Boost)  
  15  0:38  Gateway  
  16  0:46  Probe (Chrono Boost)  
  17  0:57  Probe (Chrono Boost)  
  18  1:08  Probe (Chrono Boost)  
  19  1:14  Nexus  
  19  1:21  Assimilator  
  19  1:26  Probe (Chrono Boost)  
  19  1:27  Assimilator  
  20  1:37  Cybernetics Core  
  20  1:40  Probe (Chrono Boost)  
  21  1:48  Pylon  
  21  1:50  Probe (Chrono Boost)  
  23  2:01  Probe (Chrono Boost)  
  23  2:11  Probe (Chrono Boost)  
  23  2:13  Adept (Chrono Boost)  
  23  2:14  Warp Gate  
  26  2:18  Pylon  
  26  2:24  Probe (Chrono Boost)  
  26  2:27  Probe (Chrono Boost)  
  28  2:36  Mothership Core (Chrono Boost)  
  30  2:43  Probe (Chrono Boost)  
  31  2:49  Pylon  
  31  2:52  Twilight Council  
  31  2:53  Adept  
  31  2:54  Probe (Chrono Boost)  
  35  2:58  Probe (Chrono Boost)  
  35  3:04  Probe (Chrono Boost)  
  36  3:12  Gateway  
  36  3:14  Gateway  
  37  3:27  Probe (Chrono Boost)  
  37  3:29  Dark Shrine  
  37  3:30  Probe (Chrono Boost)  
  37  3:33  Pylon  
  38  3:39  Assimilator  
  38  3:40  Probe (Chrono Boost)  
  39  3:44  Assimilator  
  39  3:50  Gateway x2  
  39  3:53  Probe (Chrono Boost)  
  39  3:54  Probe (Chrono Boost)  
  41  4:04  Pylon  
  41  4:08  Probe x2 (Chrono Boost)  
  43  4:10  Gateway  
  43  4:19  Probe (Chrono Boost)  
  44  4:27  Gateway x2  
  44  4:31  Sentry  
  46  4:43  Dark Templar x2  
  50  4:49  Dark Templar x2  
  54  4:55  Probe (Chrono Boost)  
  54  4:56  Probe (Chrono Boost)  
  56  5:08  Dark Templar x2  
  56  5:13  Probe (Chrono Boost)  
  61  5:24  Pylon  
  61  5:25  Pylon  
  61  5:26  Pylon  
  61  5:28  Pylon  
  61  5:31  Dark Templar  
  61  5:32  Dark Templar  
  65  5:36  Zealot  
  65  5:45  Dark Templar  
  65  5:46  Zealot x2  
  69  5:56  Pylon  
  69  5:57  Probe (Chrono Boost)  
Tags
 
Add a new tag
Caveats
  • Supply blocks, unpowered buildings, or Contaminate may cause inaccurate times.
  • Supply counts are checked every 10 seconds.